 Dungeon Crawl Stone Soup version 0.15.0-12-gccce430 (console) character file.

7 gw the Skirmisher (level 2, -2/48 HPs)
             Began as an Ogre Berserker on Sept 1, 2014.
             Was a Follower of Trog.
             Slain by a hobgoblin (4 damage)
             ... on Level 1 of the Dungeon.
             The game lasted 00:00:06 (126 turns).

gw the Skirmisher (Ogre Berserker)                   Turns: 126, Time: 00:00:06

HP  -2/48        AC  3     Str 26      XL: 2   Next:  0%
MP   2/2         EV 10     Int  6      God: Trog [*.....]
Gold 0           SH  0     Dex  9      Spells:  0 memorised,  1 level left

rFire  . . .     SeeInvis .     a - +0 mace
rCold  . . .     Clarity  .     b - +0 animal skin
rNeg   . . .     rCorr    .     (shield restricted)
rPois  .         rRot     .     (helmet restricted)
rElec  .         Spirit   .     (no cloak)
SustAb .         Warding  .     (gloves unavailable)
rMut   .         Stasis   .     (boots unavailable)
Gourm  .                        (no amulet)
MR     .....                    (no ring)
                                (no ring)

@: berserking, very quick, not resistant to hostile enchantments, extremely
unstealthy
A: unfitting armour, tough skin 1
a: Burn Spellbooks, Berserk, Renounce Religion


You were on level 1 of the Dungeon.
You worshipped Trog.
Trog was aware of your devotion.
You were not hungry.

You visited 1 branch of the dungeon, and saw 1 of its levels.

Inventory:

Hand weapons
 a - a +0 mace (weapon)
Armour
 b - a +0 animal skin (worn)
Comestibles
 c - a meat ration
Scrolls
 d - a scroll of immolation {unknown}


   Skills:
 + Level 4.2 Fighting
 * Level 4.2 Maces & Flails
 + Level 0.4 Throwing
 + Level 3.0 Dodging


You had one spell level left.
You didn't know any spells.

Dungeon Overview and Level Annotations

Branches:
Dungeon (1/15)

Altars:


Innate Abilities, Weirdness & Mutations

You are too large for most types of armour.
You have tough skin (AC +1).


Message History

ATTACKING (-1,0)
You barely miss the hobgoblin. The hobgoblin hits you.
The hobgoblin hits you with a club.
Use which ability? (? or * to list)
A red film seems to cover your vision as you go berserk!
You feel yourself moving faster!
You feel mighty!
You feel quite a bit more hungry. The hobgoblin hits you.
ATTACKING (-1,0)
You completely miss the hobgoblin. The hobgoblin misses you.
The hobgoblin completely misses you.
ATTACKING (-1,0)
You barely miss the hobgoblin. The hobgoblin hits you.
The hobgoblin hits you with a club.
ATTACKING (-1,0)
You bludgeon the hobgoblin!!
You kill the hobgoblin!
Trog accepts your kill.
You have reached level 2!
The hobgoblin hits you.
You die...

.........####
.....(........
#.............
#.............# ####
#.....g.......# ##~~~
#....(........# ##~~~.
#............... ##~~P..
#.......####### #~~~...
##..).$.)Og...# #~P.8..
###.#######...... #~~~...
###.###### ### ###~~P..
#........# #.##~~~.
#........#########..##~~~
#......).............###8
#........#.##.###.)......
#........+....# #########
####.....####.#


You could see a hobgoblin.

Table legend:
 A = Turns spent in this place as a percentage of turns spent in the entire game.
 B = Non-inter-level travel turns spent in this place as a percentage of non-inter-level travel turns spent in the entire game.
 C = Inter-level travel turns spent in this place as a percentage of turns spent in this place.
 D = Turns resting spent in this place as a percentage of non-inter-level travel turns spent in this place.
 E = Turns spent auto-exploring this place as a percentage of non-inter-level travel turns spent in this place.
 F = Non-inter-level travel turns spent in this place divided by the number of levels of this place that you've seen.
                   A       B       C       D       E      F
               +-------+-------+-------+-------+-------+----------------------
         Total | 100.0 | 100.0 |   0.0 |   7.7 |  15.4 |  52.0
       Dungeon | 100.0 | 100.0 |   0.0 |   7.7 |  15.4 |  52.0
               +-------+-------+-------+-------+-------+----------------------

Table legend:
 A = Kills in this place as a percentage of kills in entire the game.
 B = Kills by you in this place as a percentage of kills by you in the entire game.
 C = Kills by friends in this place as a percentage of kills by friends in the entire game.
 D = Other kills in this place as a percentage of other kills in the entire game.
 E = Experience gained in this place as a percentage of experience gained in the entire game.
 F = Experience gained in this place divided by the number of levels of this place that you have seen.
                   A       B       C       D       E      F
               +-------+-------+-------+-------+-------+----------------------
         Total | 100.0 | 100.0 |  -nan |  -nan | 100.0 |  10.0
       Dungeon | 100.0 | 100.0 |  -nan |  -nan | 100.0 |  10.0
               +-------+-------+-------+-------+-------+----------------------

Vanquished Creatures
  A giant cockroach (D:1)
  3 goblins (D:1)
  A hobgoblin (D:1)
5 creatures vanquished.

Notes
Turn   | Place    | Note
--------------------------------------------------------------
     0 | D:1      | gw, the Ogre Berserker, began the quest for the Orb.
     0 | D:1      | Reached XP level 1. HP: 24/24 MP: 1/1
   126 | D:1      | Reached XP level 2. HP: 2/32 MP: 2/2
   126 | D:1      | Slain by a hobgoblin

Action                   || total
-------------------------++-------
Melee: Mace              ||    23
Invok: Berserk           ||     1

Vault maps used:
D:1:      lightli_arrival_statuegarden, serial_park_tiny_2
